 Dungeon Crawl Stone Soup version 0.31-a0-949-g57150269e1 (webtiles) character file.

Game seed: 16764707888962963912

20 skwerlee the Trooper (level 2, -2/20 HPs)
             Began as a Gargoyle Berserker on Oct 22, 2023.
             Was a Follower of Trog.
             Slain by Robin
             ... wielding a +1 dagger of speed
              (3 damage)
             ... on level 2 of the Dungeon.
             The game lasted 00:00:41 (318 turns).

skwerlee the Trooper (Gargoyle Berserker)            Turns: 318, Time: 00:00:42

Health: -2/20      AC:  8    Str: 20    XL:     2   Next: 79%
Magic:  2/2        EV: 11    Int:  7    God:    Trog [*.....]
Gold:   13         SH:  0    Dex:  9    Spells: 1/1 levels left

rFire   . . .        a - +0 hand axe
rCold   . . .        (no shield)
rNeg    + . .        e - +0 ring mail
rPois   ∞            (no helmet)
rElec   +            (no cloak)
rCorr   .            (no gloves)
SInv    .            (no boots)
Will    .....        (no amulet) Stlth
                     (no ring)
HPRegen 0.23/turn    (no ring)
MPRegen 0.08/turn

%: no passive effects
@: on berserk cooldown, slowed, very slow
A: sickness immunity, AC +2, negative energy resistance 1, electricity
resistance, torment resistance 1, petrification resistance
a: Renounce Religion, Berserk


You were on level 2 of the Dungeon.
You worshipped Trog.
Trog was aware of your devotion.
You visited 1 branch of the dungeon, and saw 2 of its levels.

You collected 13 gold pieces.

Inventory:

Hand Weapons
 a - a +0 hand axe (weapon)
Armour
 e - a +0 ring mail (worn)
Scrolls
 b - a scroll of torment {unknown}
 c - a scroll of revelation {unknown}
 d - 2 scrolls of identify {unknown}
 f - a scroll of brand weapon {unknown}


   Skills:
 + Level 3.7 Fighting
 + Level 3.1 Axes
 + Level 2.3 Armour
 + Level 1.7 Dodging


You had one spell level left.
You didn't know any spells.
Your spell library was empty.

Dungeon Overview and Level Annotations

Branches:
Dungeon (1/15)

Altars:

Annotations:
D:2 Robin


Innate Abilities, Weirdness & Mutations

You are immune to sickness and miasma.
Your stone body is resilient. (AC +2)
You are immune to poison.
You resist negative energy. (rN+)
You are resistant to electric shocks. (rElec)
You are resistant to unholy torment.
You are immune to petrification.


Message History

Robin hits you but does no damage. x2; Robin misses you.
You hit Robin.
Robin is severely wounded.
The hobgoblin no longer looks unusually strong.
Robin misses you. x2; Robin closely misses you.
You hit Robin but do no damage. Your punch misses Robin.
Robin is severely wounded.
Robin hits you with a +1 dagger of speed.
Robin roars a battlecry!
The hobgoblin goes into a battle-frenzy!
You hit Robin but do no damage.
Robin is severely wounded.
Robin hits you but does no damage. x2
You barely miss Robin.
Robin is severely wounded.
Robin hits you with a +1 dagger of speed.
* * * LOW HITPOINT WARNING * * *
Robin hits you with a +1 dagger of speed.
* * * LOW HITPOINT WARNING * * *
Robin hits you with a +1 dagger of speed.
* * * LOW HITPOINT WARNING * * *
You completely miss Robin.
Robin is severely wounded.
Robin hits you but does no damage. x2
You closely miss Robin.
Robin is severely wounded.
Robin closely misses you. x2; Robin hits you but does no damage.
You barely miss Robin.
Robin is severely wounded.
Robin hits you with a +1 dagger of speed.
* * * LOW HITPOINT WARNING * * *
Robin hits you but does no damage.
You hit Robin.
Robin is almost dead.
Robin hits you but does no damage.
Robin says, "A pitiful Gargoyle like you will never find the ORB!"
Robin closely misses you.
Robin hits you with a +1 dagger of speed.
You die...
Robin lets out a smug laugh.

###### ###
####....# #..
..##.##)######..
#.#
#.##.##)@ggb....
#.#
#.##.#########.#
##.###.##.#
#.........#
#..###.#### #..#
#.# #..# #.#
#..# #..
#..######


You could see Robin, a hobgoblin (strong) and a bat.

Vanquished Creatures
  A dart slug (D:1)
  7 goblins (D:2)
  4 hobgoblins (D:2)
  2 ball pythons
  A kobold (D:1)
  2 rats
17 creatures vanquished.

Notes
Turn   | Place    | Note
-------+----------+-------------------------------------------
     0 | D:1      | skwerlee the Gargoyle Berserker began the quest for the
                  | Orb.
     0 | D:1      | Reached XP level 1. HP: 14/14 MP: 1/1
   196 | D:1      | You fall into a shaft and drop 1 floor!
   279 | D:2      | Noticed Robin
   283 | D:2      | Reached XP level 2. HP: 19/19 MP: 2/2
   317 | D:2      | HP: 1/20 [Robin/+1 dagger of speed (2)]
   318 | D:2      | Slain by Robin

Illustrated notes

Levels and vault maps discovered:
D:1:      saegor_arrival_simple_d, layout_basic, chequers_mini_garden,
          chequers_garden, serial_bayou_pond_e, minmay_heptomino_l4
D:2:      layout_loops_ring, uniq_robin

Skill      XL: |  1  2 |
---------------+-------+-----
Axes           | 3 |  3.1
Fighting       | |  3.7
Armour         | |  2.3
Dodging        | |  1.7

Action                     || total
---------------------------++-------
  Melee: Hand axe          ||    59
 Invoke: Berserk           ||     1
 Armour: Ring mail         ||    49
         Animal skin       ||     9
  Dodge: Dodged            ||    32

Table legend: (Time is in decaauts)
 A = Elapsed time spent in this place.
 B = Non-inter-level travel time spent in this place.
 C = Inter-level travel time spent in this place.
 D = Time resting spent in this place.
 E = Time spent auto-exploring this place.
 F = Levels seen in this place.
 G = Mean time per level.
                   A        B        C        D        E       F      G
               +--------+--------+--------+--------+--------+-----+--------+
         Total |    332 |    332 |      0 |     26 |    173 |   2 |  166.0 |
       Dungeon |    332 |    332 |      0 |     26 |    173 |   2 |  166.0 |
               +--------+--------+--------+--------+--------+-----+--------+

Top non-repeatable levels by time:
     D:1: 199 daAuts
     D:2: 133 daAuts
